[Event "Early-Titled-Tuesday-Blitz-September-05-2023"]
[Site "Chess.com"]
[Date "2023.09.05"]
[Round "5"]
[White "WPWPWP-2015"]
[Black "GaiozNigalidze"]
[Result "0-1"]
[WhiteElo "2557"]
[BlackElo "2758"]
[TimeControl "180+1"]
[EndTime "8:55:31 PDT"]
[Termination "GaiozNigalidze won by resignation"]

1. e4 c5 2. Nf3 d6 3. d4 cxd4 4. Nxd4 Nf6 5. Nc3 a6 6. Bg5 e6 7. Qe2 h6 8. Bh4 Nbd7 9. O-O-O b5 10. f4 Qc7 11. Bxf6 gxf6 12. Qh5 Nc5 13. f5 b4 14. Ncb5 axb5 15. Bxb5+ Bd7 16. fxe6 Bxb5 17. Nxb5 Qb7 18. exf7+ Kd7 19. Qxc5 Ra6 20. Qf5+ Ke7 21. Rhf1 Bg7 22. e5 fxe5 23. Qg6 Kf8 24. Rxd6 Qxb5 25. Rfd1 Rxd6 26. Rxd6 Qf1+ 27. Rd1 Qf4+ 28. Kb1 Bf6 29. g3 Qg5 30. Qe4 Kg7 31. Rf1 Qg6 32. Qd5 Rf8 33. a4 Rxf7 34. a5 b3 35. Qd3 bxc2+ 36. Qxc2 Qxc2+ 37. Kxc2 Ra7 38. b4 Kf7 39. Kb3 Ke6 40. Kc4 e4 41.
Re1 Ke5 42. Kb5 Be7 43. Kb6 Rd7 44. b5 Rd3 45. a6 Ra3 46. Kc6 Kd4 47. Kb7 Bc5 48.
b6 Rb3 49. a7 Rxb6+ 50. Kc7 Ra6 51. Rd1+ Ke3 52. Kb7 Rxa7+ 53. Kc6 Bd4 54. Re1+ Kf3 55. Rf1+ Bf2 56. g4 e3 57. Kb6 e2+ 58. Rxf2+ Kxf2 59. Kxa7 e1=Q 60. h4 Qe3+ 61. Kb7 Kg3 62. Kc6 Kxg4 0-1

[Event "Early-Titled-Tuesday-Blitz-September-05-2023"]
[Site "Chess.com"]
[Date "2023.09.05"]
[Round "5"]
[White "nrvisakh"]
[Black "DanielDardha2005"]
[Result "1-0"]
[WhiteElo "2857"]
[BlackElo "2950"]
[TimeControl "180+1"]
[EndTime "8:55:33 PDT"]
[Termination "nrvisakh won by resignation"]

1. Nf3 d5 2. b3 Bf5 3. Bb2 h6 4. g3 c6 5. Bg2 Nf6 6. O-O e6 7. d3 Be7 8. Nbd2 a5 9. a3 Nbd7 10. c4 O-O 11. Ra2 Bh7 12. Qa1 b5 13. Nd4 Qb6 14. cxb5 cxb5 15. a4 b4 16. Nb5 Rac8 17. Bd4 Qb8 18. Nf3 Bc5 19. Rc1 Bxd4 20. Nfxd4 Qb6 21. Rac2 Rxc2 22. Rxc2 e5 23. Rc6 Qb8 24. Nc2 Rc8 25. Rxc8+ Qxc8 26. Ne3 Qc5 27. d4 exd4 28. Qxd4 Be4 29. Bxe4 Nxe4 30. Nxd5 Qxd4 31. Nxd4 Ndc5 32. Ne7+ Kf8 33. Nec6 Nb7 34. f3 Nd2 35. e4 Ke8 36. Kf2 Kd7 37. Ke3 Nf1+ 38. Kf4 Nxh2 39. Ne5+ Ke7 40. Ke3 Nf1+ 41. Kf2 Nd2 42. Ke2 Nb1 43.
Kd3 Na3 44. Nf5+ Kf8 45. Kd4 Nd8 46. Nd7+ Ke8 47. Nc5 g6 48. Nd6+ Ke7 49. Nc4 Nc6+ 50. Kd5 Nxc4 51. Kxc4 Ne5+ 52. Kb5 Nxf3 53. Kxa5 h5 54.
Kb6 Ng5 55. a5 h4 56. gxh4 Nf3 57. a6 Ne5 58. a7 1-0

[Event "Early-Titled-Tuesday-Blitz-September-05-2023"]
[Site "Chess.com"]
[Date "2023.09.05"]
[Round "5"]
[White "HanSchut"]
[Black "Aleksandar-Topalov"]
[Result "0-1"]
[WhiteElo "2239"]
[BlackElo "2363"]
[TimeControl "180+1"]
[EndTime "8:55:33 PDT"]
[Termination "Aleksandar-Topalov won on time"]

1. e4 e6 2. d4 d5 3. e5 Ne7 4. f4 h5 5. Nf3 g6 6. Bd3 Qd7 7. O-O b6 8. Qe2 a5 9. Nc3 Ba6 10. Nb5 Nf5 11. c3 c6 12. Nd6+ Nxd6 13.
Bxa6 Nxa6 14. exd6 Bxd6 15. Ne5 Qc7 16. Be3 Nb8 17.
g3 c5 18. Rac1 c4 19. a3 Nc6 20. Bd2 Ne7 21. Rce1 Qc8 22. Qg2 Kf8 23. h3 Kg7 24. Kf2 b5 25. Rh1 b4 26. axb4 axb4 27. g4 bxc3 28.
Bxc3 Rb8 29. Reg1 Bb4 30. Re1 Bxc3 31. bxc3 Rb2+ 32. Re2 Qb7 33. Re1 Qb3 34. Qf3 hxg4 35. Nxg4 Nf5 36. Rxb2 Qxb2+ 37. Re2 Qc1 38. Ne3 Nh4 39. Qg3 Rh5 40. Ng4 Nf5 41. Qf3 Nh4 42. Qg3 Qh1 43. Re1 Nf5 44. Rxh1 Nxg3 45. Kxg3 f6 46.
Re1 Kf7 47. Nf2 Rh8 48. Kf3 Ra8 49. Rb1 Ra3 50. Rb7+ Kg8 51. Ng4 Rxc3+ 52. Kg2 f5 53. Nf6+ Kf8 54. Nh7+ Ke8 55. Nf6+ Kd8 56. Rd7+ Kc8 57.
Re7 Rd3 58. Rxe6 Rxd4 59. Ne8 Rxf4 60. Rxg6 c3 61. Nd6+ Kd7 62. Nb5 c2 0-1

[Event "Early-Titled-Tuesday-Blitz-September-05-2023"]
[Site "Chess.com"]
[Date "2023.09.05"]
[Round "5"]
[White "Orlov_Oleg"]
[Black "Sulthankan"]
[Result "1-0"]
[WhiteElo "2586"]
[BlackElo "2408"]
[TimeControl "180+1"]
[EndTime "8:55:34 PDT"]
[Termination "Orlov_Oleg won by resignation"]

1. e4 c5 2. Nf3 d6 3. Bb5+ Bd7 4. Bxd7+ Nxd7 5. O-O e6 6. c4 Ngf6 7. Nc3 Be7 8. d4 cxd4 9. Qxd4 O-O 10. Rd1 Qc7 11.
Nb5 Qc6 12. Nxd6 Bxd6 13. Qxd6 Qxe4 14. Rd4 Qf5 15. Be3 e5 16. Rdd1 e4 17. Nd4 Qe5 18. Nb5 a6 19. Bd4 Qh5 20. Nc7 Rac8 21. Rd2 Qa5 22.
Bxf6 Nxf6 23. Nd5 Nxd5 24. Rxd5 Qc7 25. Qxc7 Rxc7 26. b3 Re8 27. Rad1 g6 28. a4 Re6 29.
Rd6 Rxd6 30. Rxd6 Kf8 31. Kf1 Re7 32. Ke2 Ke8 33. Ke3 f5 34. h3 Kf7 35. g4 Re6 36.
Rd7+ Re7 37. Rd5 Kf6 38. gxf5 gxf5 39. Kf4 Kg6 40. Rxf5 e3 41. fxe3 Rd7 42. Rg5+ Kf6 43. Rd5 Re7 44. e4 Rg7 45. Rf5+ Ke6 46. Rg5 Rf7+ 47.
Ke3 Rf1 48. Kd4 Rb1 49. Rg3 Rd1+ 50. Kc5 Ke5 51. Kb6 Rd7 52. Rg4 h5 53. Rh4 Rh7 54. a5 Kd4 55. c5 Kc3 56. e5 Kxb3 57. e6 Re7 58. Re4 h4 59. c6 bxc6 60. Kxc6 Kc3 61. Kd6 Re8 62. e7 Ra8 63. e8=Q 1-0

[Event "Early-Titled-Tuesday-Blitz-September-05-2023"]
[Site "Chess.com"]
[Date "2023.09.05"]
[Round "5"]
[White "SashaKuzhilniy"]
[Black "HajiyevKanan"]
[Result "1/2-1/2"]
[WhiteElo "2613"]
[BlackElo "2476"]
[TimeControl "180+1"]
[EndTime "8:55:38 PDT"]
[Termination "Game drawn by repetition"]

1. b3 Nf6 2. Bb2 g6 3. Nf3 Bg7 4. g3 Nh5 5. d4 O-O 6. Bg2 c5 7. e3 Nc6 8. O-O d5 9. Nbd2 cxd4 10. exd4 Bg4 11. h3 Bxf3 12. Nxf3 Rc8 13. c4 dxc4 14.
bxc4 Na5 15. c5 Nc4 16. Bc3 b5 17. a4 a6 18. axb5 axb5 19. Qb3 Qd7 20. Rfb1 Rb8 21.
Ne5 Nxe5 22. dxe5 Qc7 23. e6 f5 24. Bxg7 Kxg7 25. c6 f4 26. g4 f3 27. gxh5 fxg2 28. hxg6 Qxc6 29. gxh7 Rf3 30. Qb2+ Kxh7 31. Qe5 Rbf8 32.
Ra7 Qe8 33. Qg5 R8f6 34. Rb4 Qg6 35. Rxe7+ Kg8 36. Rxb5 Rxf2 37. Qxg6+ Rxg6 38. Rb8+ Rf8 39. Rxf8+ Kxf8 40. Rf7+ Ke8 41. Rf2 Rxe6 42. Kxg2 Rh6 43. Kg3 Rg6+ 44. Kh2 Ke7 45. Rf4 Rf6 46. Rg4 Kf7 47.
Kg3 Rh6 48. Ra4 Rg6+ 49. Kf3 Rf6+ 50. Kg4 Rg6+ 51. Kh5 Re6 52. h4 Re5+ 53. Kg4 Kg6 54. Ra6+ Kg7 55. Kg3 Re4 56. Kh3 Rd4 57. Ra5 Rc4 58.
Rg5+ Kh6 59. Rd5 Re4 60. Kg3 Re3+ 61. Kf4 Re6 62. Re5 Rc6 63. Ra5 Rb6 64. Kg4 Rb4+ 65. Kg3 Rb3+ 66. Kg4 Rb4+ 67. Kg3 Rb3+ 68. Kg4 Rb4+ 1/2-1/2

[Event "Early-Titled-Tuesday-Blitz-September-05-2023"]
[Site "Chess.com"]
[Date "2023.09.05"]
[Round "5"]
[White "bescmelasti"]
[Black "Duhless"]
[Result "0-1"]
[WhiteElo "2605"]
[BlackElo "3003"]
[TimeControl "180+1"]
[EndTime "8:55:42 PDT"]
[Termination "Duhless won by resignation"]

1. e4 c5 2. Nf3 e6 3. d4 cxd4 4.
Nxd4 a6 5. Bd3 Bc5 6. Nb3 Ba7 7. Qe2 Nc6 8. Be3 Nge7 9. O-O O-O 10. Bxa7 Rxa7 11. c4 Ng6 12. Qe3 d6 13. Nc3 e5 14.
Rfd1 Be6 15. Bf1 b6 16. Rd2 Qb8 17. Rad1 Rd8 18. g3 Nf8 19. Nd5 Nd7 20. a3 Nc5 21. Nc1 Nd4 22. b4 Bxd5 23. cxd5 Na4 24. Nb3 Nxb3 25. Qxb3 b5 26. Rc2 Rc8 27. Rdc1 Rac7 28. Rc6 Nb6 29. Qd1 g6 30. h4 h5 31. Bh3 Rxc6 32.
dxc6 Rc7 33. Bf1 Qd8 34. Qd3 Nc4 35. a4 Rxc6 36. axb5 axb5 37. Qd5 Rb6 38. Bxc4 bxc4 39. Rxc4 Qb8 40. Qd2 Qb7 41. Qc3 Kg7 42. Kh2 Ra6 43.
Qd3 Qb5 44. Qc2 Ra3 45. Kg2 Qa6 46. Rc6 Qb5 47. Qc4 Qxc4 48. Rxc4 Rb3 49. f3 Kf6 50. Rc6 Ke6 51. Rb6 f5 52. exf5+ gxf5 53. Kf2 Kd5 54. Rb8 Kd4 55. b5 Rb2+ 56. Kg1 Ke3 57. g4 hxg4 58.
fxg4 f4 59. g5 f3 60. Rf8 Rxb5 61. g6 Rb1+ 62. Kh2 f2 63. g7 Rg1 64. Rf7 Rxg7 65.
Rxg7 f1=Q 66. Rg3+ Kf4 67. Rg2 Qxg2+ 68. Kxg2 Kg4 0-1

[Event "Early-Titled-Tuesday-Blitz-September-05-2023"]
[Site "Chess.com"]
[Date "2023.09.05"]
[Round "5"]
[White "Tugrik1969"]
[Black "wqws"]
[Result "1-0"]
[WhiteElo "2500"]
[BlackElo "2632"]
[TimeControl "180+1"]
[EndTime "8:55:42 PDT"]
[Termination "Tugrik1969 won by resignation"]

1. e4 c5 2. Nf3 d6 3. Bb5+ Nd7 4. a4 a6 5. Be2 Ngf6 6. Nc3 g6 7. O-O Bg7 8. a5 O-O 9. d3 b5 10. axb6 Nxb6 11. Nd2 Be6 12. f4 d5 13. e5 Ne8 14.
Nb3 Qc7 15. Ra5 Nd7 16. Bf3 d4 17. Bxa8 dxc3 18. Rxa6 c4 19. Nd4 Nc5 20. Rc6 Qa7 21.
Be3 Bd5 22. Rxc5 Qxc5 23. Nf5 Qc7 24. Bxd5 gxf5 25. bxc3 cxd3 26. Qxd3 e6 27. Bb3 Kh8 28. Rd1 Rg8 29. Qd7 Qxc3 30. Bd4 Qc7 31. Qxc7 Nxc7 32. Bb6 Nb5 33. Rd7 Nc3 34. Kf2 Ne4+ 35. Ke3 Rb8 36. Bc7 Rf8 37. g4 Nc5 38. Re7 fxg4 39. Bd6 Nxb3 40.
cxb3 Kg8 41. b4 h5 42. b5 Rc8 43. b6 Rc3+ 44. Kd4 Rb3 45. b7 h4 46. b8=Q+ Rxb8 47.
Bxb8 g3 48. Rb7 g2 49. Rb1 h3 50. Ke4 Bf8 51. Ba7 Bb4 52. Bg1 Bd2 53. Kf3 Kg7 54.
Rd1 Bb4 55. Kg4 Bc3 56. Kxh3 Kg6 57. Kxg2 Kf5 58. Kf3 Bb4 59. Rd7 f6 60. Rf7 Kg6 61. Rxf6+ Kg7 62. Rxe6 Kf7 63. Rb6 Ke7 64. Rxb4 1-0

[Event "Early-Titled-Tuesday-Blitz-September-05-2023"]
[Site "Chess.com"]
[Date "2023.09.05"]
[Round "5"]
[White "McCarthyStone"]
[Black "karinachess1"]
[Result "0-1"]
[WhiteElo "2423"]
[BlackElo "2597"]
[TimeControl "180+1"]
[EndTime "8:55:43 PDT"]
[Termination "karinachess1 won by resignation"]

1. b3 e5 2. Bb2 Nc6 3. e3 g6 4. d4 Bg7 5. d5 Nce7 6. h4 h5 7. Nh3 d6 8. Nc3 Nf6 9. Be2 c6 10. dxc6 bxc6 11. e4 O-O 12. Ng5 d5 13. Qd2 Qa5 14.
O-O-O Ba6 15. Nxd5 Qxd2+ 16. Rxd2 cxd5 17. Bxa6 Nxe4 18. Nxe4 dxe4 19. Rd7 Nf5 20. Bb7 Rad8 21. Rxd8 Rxd8 22. Bxe4 Nd4 23. Bd3 f5 24. a4 e4 25. Bc4+ Kf8 26.
Ba3+ Ke8 27. Bc5 a6 28. Bxa6 Rd5 29. Bxd4 Bxd4 30. Rf1 Bc3 31. Bb5+ Ke7 32. Rd1 Bb2+ 33. Kxb2 Rxd1 34. a5 Kd6 35. a6 Kc7 36. Be8 Rd6 37. Bb5 Kb6 38. c4 f4 39. Kc3 Re6 40. Kb4 e3 41. fxe3 fxe3 42. c5+ Ka7 43. Be2 Rxa6 44.
Kc3 Re6 45. b4 Kb7 46. b5 Kc7 47. Kd4 Re8 48. b6+ Kb7 49. Bf3+ Ka6 50. Be2+ Kb7 51.
Kc4 Re4+ 52. Kb5 Re5 53. Bf3+ Kb8 54. Be2 Rf5 55. Kc6 Rf2 56. Ba6 e2 57. Bxe2 Rxe2 58. Kb5 Re5 59. Kc6 Re6+ 60. Kd7 Re5 61. c6 Rc5 62.
c7+ Kb7 63. Kd6 Rc6+ 64. Kd7 Rc1 65. Kd6 Kxb6 66. Kd7 Rxc7+ 0-1

[Event "Early-Titled-Tuesday-Blitz-September-05-2023"]
[Site "Chess.com"]
[Date "2023.09.05"]
[Round "5"]
[White "UmarovSabir"]
[Black "Chessbard1972"]
[Result "0-1"]
[WhiteElo "2319"]
[BlackElo "2536"]
[TimeControl "180+1"]
[EndTime "8:55:44 PDT"]
[Termination "Chessbard1972 won on time"]

1. e4 e5 2. Nf3 Nc6 3. Bc4 Nf6 4. d3 Bc5 5. a3 d6 6. Nc3 h6 7. Be3 Bb6 8. h3 Be6 9. Nd5 Bxe3 10. fxe3 Na5 11.
Ba2 b5 12. b4 Nb7 13. O-O Bxd5 14. exd5 O-O 15. e4 Qe7 16. c4 a6 17. a4 Nd8 18.
cxb5 axb5 19. axb5 Rb8 20. Bc4 Nh5 21. Nd4 Nf4 22. Nf5 Qg5 23. Qg4 g6 24. Qxg5 hxg5 25. Ne7+ Kg7 26. Ra7 Rb7 27. Rfa1 Re8 28. Nc6 Rxa7 29.
Rxa7 Nxc6 30. bxc6 Re7 31. b5 Kf6 32. b6 cxb6 33. c7 Re8 34. Ba6 Nxd3 35. c8=Q Rxc8 36. Bxc8 Nc5 37. Kf2 Nxe4+ 38. Ke3 Nc3 39. Bb7 b5 40. Bc6 b4 41. Rb7 Kg7 42. Rxb4 f5 43. Rb7+ Kh6 44.
Rd7 f4+ 45. Kf2 Ne4+ 46. Kf3 Nd2+ 47. Ke2 Ne4 48. Rd8 g4 49. hxg4 Kg5 50. Kf3 Nd2+ 51. Ke2 Ne4 52. Rg8 Ng3+ 53. Ke1 e4 54. Be8 Kxg4 55. Rh8 g5 56. Rh6 f3 57. gxf3+ exf3 58. Bd7+ Kf4 59. Rxd6 Ne4 60. Rg6 Ke3 61. Re6 g4 0-1

[Event "Early-Titled-Tuesday-Blitz-September-05-2023"]
[Site "Chess.com"]
[Date "2023.09.05"]
[Round "5"]
[White "baki83"]
[Black "banane_verte"]
[Result "1/2-1/2"]
[WhiteElo "2824"]
[BlackElo "2593"]
[TimeControl "180+1"]
[EndTime "8:55:47 PDT"]
[Termination "Game drawn by agreement"]

1. e4 e6 2. d4 d5 3. Nc3 Nf6 4. e5 Nfd7 5. f4 c5 6. Nf3 Nc6 7. Be3 Be7 8. Bd3 O-O 9. O-O b6 10. Kh1 f5 11. exf6 Nxf6 12. Qe1 Ng4 13. Bg1 Rxf4 14.
h3 Nh6 15. Bb5 Nxd4 16. Nxd4 Rxf1 17. Qxf1 cxd4 18. Ne2 Nf5 19. Bc6 Rb8 20. Bb5 Bd6 21. Bd3 Ne3 22. Qf3 Qg5 23. Nxd4 Nc4 24. Rf1 Ne5 25.
Qf2 Bd7 26. Qe2 Nxd3 27. cxd3 Qe5 28. Qf2 Rf8 29. Nf3 Qg3 30. Qxg3 Bxg3 31. Bh2 Bxh2 32. Kxh2 e5 33. Re1 e4 34. dxe4 dxe4 35. Ne5 Bf5 36. g4 Bg6 37. Kg3 Rc8 38. Nxg6 hxg6 39. Rxe4 Rc2 40.
Rb4 Kh7 41. Kh4 Kh6 42. Kg3 g5 43. a4 Kg6 44. Rb5 Kh6 45. Kf3 Rh2 46. Kg3 Rc2 47. Rb4 Rd2 48. Rb3 Rc2 49. Rb5 Rd2 50. Kf3 Rc2 51.
Ke4 Rh2 52. a5 bxa5 53. Rb8 Kh7 54. Kf5 Rxh3 55. Kxg5 Rh2 56. Rb5 Rc2 57. Kh5 a4 58. g5 Rh2+ 59. Kg4 Re2 60. Ra5 Rxb2 61. Rxa4 Rg2+ 62. Kh5 Rh2+ 63. Kg4 Rh1 64. Rxa7 Rg1+ 65. Kf4 Rf1+ 66. Ke3 Rg1 67. Ra5 Kg6 68. Kf4 Rf1+ 69. Kg3 Rg1+ 70. Kh4 Rh1+ 71. Kg4 Rg1+ 72. Kf4 Rf1+ 73.
Kg3 Rg1+ 74. Kh4 Rh1+ 1/2-1/2

[Event "Early-Titled-Tuesday-Blitz-September-05-2023"]
[Site "Chess.com"]
[Date "2023.09.05"]
[Round "5"]
[White "Gauravthegm"]
[Black "onnoelgersma"]
[Result "0-1"]
[WhiteElo "2419"]
[BlackElo "2583"]
[TimeControl "180+1"]
[EndTime "8:55:50 PDT"]
[Termination "onnoelgersma won by resignation"]

1. e4 g6 2. d4 Bg7 3. Nf3 a6 4. Be2 d6 5. h3 Nf6 6. Nbd2 O-O 7. O-O Nbd7 8. c3 b6 9. Re1 Bb7 10. Bf1 e6 11. Qc2 Qe7 12. e5 Nd5 13. exd6 cxd6 14. Ne4 h6 15. Bd2 N5f6 16. Nxf6+ Nxf6 17. Nh2 Kh7 18. Bd3 Rac8 19. Qb3 Qc7 20. Nf1 Qc6 21. f3 Qc7 22. Rad1 Kg8 23. Ng3 b5 24. Ne4 Nd5 25. a3 Bc6 26. Qa2 a5 27. Kh1 a4 28.
Qb1 Nb6 29. Nf2 Nc4 30. Bc1 Bd5 31. Ng4 Kh7 32. Bf4 Qe7 33. Qc1 h5 34. Nf2 Qh4 35.
Re2 Qe7 36. Bg5 f6 37. Bf4 f5 38.
Kh2 Bf6 39. Bh6 Bg7 40. Bxg7 Kxg7 41. Qf4 h4 42. Bxc4 Bxc4 43. Ree1 g5 44. Qd2 Qf6 45. Qe3 Rce8 46. Nd3 Rf7 47. Nb4 Kg6 48. Rd2 e5 49. dxe5 Rxe5 50. Qf2 g4 51. fxg4 fxg4 52. Qxf6+ Rxf6 53.
Rxe5 dxe5 54. hxg4 Kg5 55. Kh3 Be6 56. Nd3 Bxg4+ 57.
Kh2 e4 58. Nc5 e3 59. Rd5+ Rf5 60. Rd8 e2 61. Nd3 Rf1 62. Re8 Rd1 63. Re5+ Kf6 64. Re4 Rxd3 65. Rf4+ Kg5 66. Re4 Rd1 0-1

[Event "Early-Titled-Tuesday-Blitz-September-05-2023"]
[Site "Chess.com"]
[Date "2023.09.05"]
[Round "5"]
[White "lamomiajunior"]
[Black "LeoLV10"]
[Result "0-1"]
[WhiteElo "2685"]
[BlackElo "2501"]
[TimeControl "180+1"]
[EndTime "8:55:51 PDT"]
[Termination "LeoLV10 won by checkmate"]

1. d4 Nf6 2. Nc3 d5 3. Bf4 c6 4.
e3 g6 5. Be2 Bg7 6. h4 O-O 7.
h5 Nbd7 8. hxg6 fxg6 9. Nf3 Nh5 10.
Bh2 Re8 11. Qd2 Ndf6 12. Ne5 Bf8 13. g4 Ng7 14. O-O-O Ne4 15. Nxe4 dxe4 16. Bg3 Be6 17. Rh2 Qb6 18. Rdh1 c5 19. Rxh7 Nh5 20. gxh5 Kxh7 21.
hxg6+ Kg8 22. d5 Bf5 23. Bc4 Bg7 24. Qe2 e6 25. Qh5 Rad8 26. Qh7+ Kf8 27. Bf4 exd5 28. Bh6 Qf6 29. Nf7 Bxg6 30. Bxg7+ Qxg7 31. Qh4 Kxf7 32. Bb3 Qf6 33. Qg3 Qe5 34. Qg1 Rh8 35. a4 Rxh1 36.
Qxh1 Qf6 37. Qd1 Rd6 38. Bxd5+ Kg7 39. c4 Qd8 40. b3 Bf7 41. Qg4+ Kf8 42. Qf4 Rxd5 43.
cxd5 Qxd5 44. Qb8+ Kg7 45. Qg3+ Kf6 46. Qf4+ Qf5 47.
Qd6+ Kg5 48. Qg3+ Kf6 49. Qd6+ Be6 50. Qf8+ Kg6 51. Qe8+ Qf7 52. Qd8 Qd7 53. Qh4 Bxb3 54. Qxe4+ Kg7 55. Qe5+ Kf8 56. Qf4+ Bf7 57. Qb8+ Ke7 58.
Qxa7 Qc6 59. Qa5 b6 60. Qc3 Be6 61. Qg7+ Kd6 62. Qf8+ Kc7 63. Qe7+ Kb8 64. f4 Bb3 65. f5 Bxa4 66. f6 Qh1+ 67. Kb2 Qg2+ 68. Ka3 Qc2 69. Qe6 Qc3+ 70. Kxa4 Qb4# 0-1

[Event "Early-Titled-Tuesday-Blitz-September-05-2023"]
[Site "Chess.com"]
[Date "2023.09.05"]
[Round "5"]
[White "MatthewG-p4p"]
[Black "AlexPapasimakopoulos"]
[Result "0-1"]
[WhiteElo "2871"]
[BlackElo "2737"]
[TimeControl "180+1"]
[EndTime "8:55:54 PDT"]
[Termination "AlexPapasimakopoulos won by resignation"]

1. f4 d5 2. Nf3 Nf6 3. g3 Bg4 4. Bg2 Nbd7 5. O-O Bxf3 6. Bxf3 e5 7. d3 Bd6 8. Nc3 c6 9. e4 dxe4 10. dxe4 Qe7 11. Qe2 h6 12. a4 a5 13. Nd1 O-O 14. Ne3 Bc5 15. Kh1 Bxe3 16. Bxe3 exf4 17. Bxf4 Ne5 18.
Bg2 Rfe8 19. Rae1 Qb4 20. Bxh6 Qxb2 21. Bg5 Nh7 22. Bf4 Qd4 23. Qh5 Ng6 24. Bc1 Nf6 25. Qf5 Re5 26. Qf3 Rae8 27. h4 Qc4 28.
Qd3 Qxa4 29. Bb2 R5e6 30. Bxf6 Rxf6 31. Rxf6 gxf6 32. Qd7 Re7 33. Qd6 Qb4 34. Qd8+ Kg7 35. Rf1 Re6 36. h5 Nf8 37. h6+ Kxh6 38. Rxf6+ Kg7 39. Rf5 Rg6 40. Kh2 Ne6 41. Qd7 Rf6 42. Qd3 Rxf5 43. exf5 Ng5 44. Qe3 Kf6 45. Qe8 Qe7 46.
Qh8+ Kxf5 47. Qc3 Qe5 48. Qd3+ Ke6 49. Kh1 f6 50. Qb3+ Kd6 51. Qxb7 Qc5 52. Qb8+ Ke7 53. Qc7+ Kf8 54. Bxc6 Qxc2 55. Qd8+ Kg7 56. Qe7+ Nf7 57.
Be8 Qd1+ 58. Kg2 Qd5+ 59. Kg1 a4 60. Qe2 a3 61. Qe3 a2 62. Qc3 Qe5 63. Qxe5 Nxe5 64. Ba4 a1=Q+ 0-1

[Event "Early-Titled-Tuesday-Blitz-September-05-2023"]
[Site "Chess.com"]
[Date "2023.09.05"]
[Round "5"]
[White "wonderfultime"]
[Black "Chopper1905"]
[Result "1-0"]
[WhiteElo "3007"]
[BlackElo "2883"]
[TimeControl "180+1"]
[EndTime "8:55:55 PDT"]
[Termination "wonderfultime won by resignation"]

1. d4 d5 2. Nf3 Nf6 3. Bf4 c5 4. c3 e6 5. e3 Bd6 6. Nbd2 O-O 7. Bd3 Bxf4 8. exf4 cxd4 9. cxd4 Qb6 10. Qb3 Qd6 11.
g3 b6 12. O-O Nc6 13. Rac1 Bb7 14. Rc3 Rfc8 15. Rfc1 Na5 16. Qa4 Rxc3 17. Rxc3 Rc8 18.
Rxc8+ Bxc8 19. Ne5 Bd7 20. Bb5 Bxb5 21. Qxb5 Qc7 22.
Ndf3 h6 23. b3 Nb7 24. Qc6 Qxc6 25. Nxc6 a5 26. Nfe5 Kf8 27. f3 Ke8 28. Kf2 Nd6 29. Ke2 Ng8 30. a4 f6 31. Ng4 Kd7 32. Na7 Ne7 33. Kd3 Nef5 34. Nf2 Kc7 35. Nd1 Kb7 36. Nb5 Nxb5 37. axb5 Kc7 38. Nc3 Nd6 39. g4 g5 40.
Ke3 Nc8 41. f5 exf5 42. Nxd5+ Kd6 43. Nxf6 Ke6 44. Ng8 f4+ 45. Kd3 Nd6 46. Nxh6 Nxb5 47.
Nf5 Nc7 48. h4 gxh4 49. Nxh4 b5 50. Ng6 Nd5 51. Ne5 a4 52. bxa4 bxa4 53. Nc4 Kd7 54. Ke4 Kc6 55. g5 Nc3+ 56. Ke5 Kb5 57. g6 Kxc4 58. g7 a3 59. g8=Q+ Kb4 60. Qg1 a2 61. Qa1 Kb3 62. d5 Nb5 63. d6 Na3 64. d7 Nc2 65. Qxa2+ Kxa2 66. d8=Q Nb4 67. Qd2+ Kb3 68. Kxf4 Kc4 69.
Ke5 Nd3+ 70. Qxd3+ Kxd3 71. f4 1-0

[Event "Early-Titled-Tuesday-Blitz-September-05-2023"]
[Site "Chess.com"]
[Date "2023.09.05"]
[Round "5"]
[White "Shield12"]
[Black "JeRoma71"]
[Result "1/2-1/2"]
[WhiteElo "2955"]
[BlackElo "2831"]
[TimeControl "180+1"]
[EndTime "8:55:56 PDT"]
[Termination "Game drawn - insufficient material"]

1. e4 e6 2. d4 d5 3. Nc3 Bb4 4. exd5 exd5 5. Bd3 Nc6 6. Nf3 Nge7 7. O-O Bg4 8. h3 Bh5 9. a3 Bxc3 10. bxc3 Bg6 11.
Re1 O-O 12. a4 Re8 13. Ba3 Nf5 14. Qd2 Qd7 15. Bb5 f6 16. c4 a6 17. cxd5 Rxe1+ 18. Rxe1 axb5 19. dxc6 bxc6 20. a5 Bf7 21. Bb4 Bd5 22.
Nh2 Nd6 23. Qf4 h5 24. Nf1 Nf5 25. Ng3 Nxg3 26. Qxg3 Re8 27. Rxe8+ Qxe8 28. a6 Qa8 29. Be7 Kf7 30. Qa3 c5 31. Qxc5 Bxg2 32. Qxc7 Be4 33. a7 Qd5 34. Bd6+ Kg8 35. Bg3 Kh7 36. Qc5 Qxc5 37.
dxc5 g5 38. h4 Kg6 39. Kf1 Kf5 40. Ke2 Kg4 41. Ke3 Ba8 42. hxg5 fxg5 43. Bd6 h4 44. f4 gxf4+ 45. Bxf4 Kf5 46. Bh2 Ke6 47. Kd4 Kd7 48. Kc3 Bc6 49. Kb4 Kc8 50. Ka5 Kb7 51. a8=Q+ Kxa8 52. Kb6 Be4 53. c3 Bd3 54. c6 Bf5 55. Bf4 h3 56. Bg3 Bg4 57. Be5 Be2 58. Kc7 Ka7 59. Kd8 Kb6 60. c7 Bg4 61. c8=Q Bxc8 62. Kxc8 b4 63. cxb4 Kb5 64. Bd6 h2 65. Bxh2 Kxb4 1/2-1/2

[Event "Early-Titled-Tuesday-Blitz-September-05-2023"]
[Site "Chess.com"]
[Date "2023.09.05"]
[Round "5"]
[White "TigrVShlyape"]
[Black "Markov_Mikhail"]
[Result "0-1"]
[WhiteElo "2859"]
[BlackElo "2684"]
[TimeControl "180+1"]
[EndTime "8:55:59 PDT"]
[Termination "Markov_Mikhail won on time"]

1. d4 Nf6 2. Bf4 e6 3. e3 d5 4. Nf3 Bd6 5. Bg3 O-O 6. c4 c5 7. cxd5 Nxd5 8. Nc3 Nxc3 9. bxc3 b6 10. Bd3 Bb7 11. Ne5 Nc6 12. Qh5 g6 13. Nxg6 fxg6 14.
Bxg6 hxg6 15. Qxg6+ Kh8 16. Qh6+ Kg8 17. Qxe6+ Rf7 18.
Qxd6 Qxd6 19. Bxd6 Rd8 20. Bg3 cxd4 21. cxd4 Na5 22.
O-O Nc4 23. Rfe1 Re8 24. h3 b5 25. Reb1 Bc6 26. Kh2 a5 27. a3 Rb7 28. Rc1 Bd5 29.
Rcb1 b4 30. axb4 axb4 31. Bf4 b3 32. f3 Nd2 33. Rb2 Nc4 34. Re2 b2 35. Rb1 Bf7 36. e4 Rb3 37. d5 Ra8 38. Rc2 Ra1 39. Rbxb2 Nxb2 40. Be5 Rb1 41. Rc8+ Kh7 42. Rc7 Nd3 43. Rxf7+ Kg8 44. Rf5 Nxe5 45. Rxe5 Rd1 46. Rf5 Rb2 47. h4 Rdd2 48. Rg5+ Kh7 49. Kh3 Kh6 50. Rg4 Rd1 51. Kg3 Rdd2 52. Kh2 Rb8 53. f4 Rd4 54. f5 Re8 55. Rg6+ Kh5 56. Kh3 Rexe4 57. g3 Rd3 58. d6 Ree3 59. Rg5+ Kh6 60. Rg6+ Kh7 61. h5 Re5 62.
Kg4 Red5 63. Kf4 Rxd6 64. Rxd6 Rxd6 65. Kg5 Ra6 66. g4 Kg7 67. Kf4 Ra4+ 68. Kg5 Ra6 69.
Kf4 Kh6 70. Ke5 Kg5 0-1

[Event "Early-Titled-Tuesday-Blitz-September-05-2023"]
[Site "Chess.com"]
[Date "2023.09.05"]
[Round "5"]
[White "Athanasios2"]
[Black "SaiHanThiha"]
[Result "1-0"]
[WhiteElo "2688"]
[BlackElo "2474"]
[TimeControl "180+1"]
[EndTime "8:56:01 PDT"]
[Termination "Athanasios2 won by checkmate"]

1. Nf3 Nf6 2. c4 g6 3. g3 Bg7 4. Bg2 O-O 5. O-O d6 6. Nc3 e5 7. b3 Re8 8. Bb2 c6 9. d3 d5 10.
cxd5 cxd5 11. Rc1 Nc6 12. e3 Bf5 13. a3 Qd7 14. b4 a6 15. Na4 Rad8 16. Nc5 Qc8 17. d4 e4 18. Ne5 Rd6 19. Qa4 Nd7 20. Nexd7 Bxd7 21. Qb3 Be6 22. a4 Qb8 23. Ba3 Rdd8 24.
Qc3 Ne7 25. b5 axb5 26. axb5 Bc8 27. Na4 Nf5 28. Nb6 Be6 29. Qc7 Bf8 30. Bxf8 Kxf8 31. Rc3 Qa7 32. Qc5+ Kg8 33. Ra3 Qb8 34. Rfa1 Qd6 35.
Qxd6 Nxd6 36. Na4 Nxb5 37. Rb3 Nd6 38. Rb6 Re7 39. Nc5 Nc4 40. Rxb7 Rxb7 41. Nxb7 Rb8 42. Nc5 Nd2 43. h4 Rb1+ 44. Rxb1 Nxb1 45. Kf1 Nc3 46. Ke1 Kf8 47. Bf1 Na2 48. Kd2 Nb4 49. Bb5 Ke7 50. Kc3 Na2+ 51. Kb2 Nb4 52. Kb3 Nd3 53. Bxd3 exd3 54.
Nxe6 Kxe6 55. Kc3 Kf5 56. f3 h5 57. Kxd3 g5 58. e4+ dxe4+ 59. fxe4+ Kg4 60. d5 Kxg3 61. d6 gxh4 62. d7 h3 63. d8=Q h2 64. Qg5+ Kf2 65.
Qxh5 Kg2 66. Qg4+ Kf2 67. Qf4+ Kg2 68. Qg4+ Kf2 69. Qh3 Kg1 70. Qg3+ Kh1 71. Qf2 f5 72. Qf1# 1-0

[Event "Early-Titled-Tuesday-Blitz-September-05-2023"]
[Site "Chess.com"]
[Date "2023.09.05"]
[Round "5"]
[White "borocotoajua"]
[Black "LionTheLeon_06"]
[Result "0-1"]
[WhiteElo "2593"]
[BlackElo "2808"]
[TimeControl "180+1"]
[EndTime "8:56:03 PDT"]
[Termination "LionTheLeon_06 won by resignation"]

1. d4 Nf6 2. Nf3 e6 3. c4 d5 4. g3 Bb4+ 5. Bd2 Be7 6. Bg2 O-O 7. O-O Nbd7 8. Nc3 dxc4 9. e4 Rb8 10. a4 a6 11. Be3 b5 12. axb5 axb5 13. d5 exd5 14.
e5 Ng4 15. Ba7 Ra8 16. Qxd5 Nb6 17. Qxd8 Rxd8 18. Ne1 Rxa7 19. Rxa7 b4 20. Nb5 Nxe5 21. Rxc7 Bf6 22. Nc2 h6 23. Nxb4 Bf5 24. Rb7 Ned7 25. Nd6 Be6 26. Nc6 Ra8 27. Ne4 Bxb2 28. Rb1 Ra2 29. Ne7+ Kh7 30. Nc6 c3 31. Nxc3 Bxc3 32. Be4+ g6 33. Bg2 Kg7 34. Nd8 Bf5 35. Rc1 Bd4 36. Rf1 Bd3 37. Bd5 Bxf1 38. Bxa2 Ba6 39. Ra7 Be2 40. Nxf7 Kf6 41. Nd8 Ne5 42. Bb1 Nbd7 43.
Ra4 Bc5 44. Ra2 Bf3 45. Ra6+ Kg7 46. Ra2 Bd5 47. Ra5 Nf3+ 48. Kf1 Nxh2+ 49. Ke2 Bc4+ 50. Kd1 Bb3+ 51. Kc1 Bd4 52. Rb5 Bg8 53. Ne6+ Bxe6 54. Rb7 Kf6 55. Ba2 Nc5 56. Rb6 Bxf2 57. Rc6 Be3+ 58.
Kc2 Ke5 59. Bxe6 Nxe6 60. Rc3 Bd4 61. Rc4 Ng4 62. Ra4 Kd5 63. Ra5+ Nc5 64. Ra8 g5 65.
Rd8+ Ke5 66. Kd2 Ne4+ 67. Kd3 Nc5+ 68. Kc4 Ne6 69. Rd5+ Kf6 70. Rd7 Ne5+ 0-1